Description

Maru Standard Economic TVP, MMM, Widowmine into Ghost + Air VOD Game Timestamps: 22:54-37:12

Idea is constant pressure on the Protoss Third base starting at around 5 minutes while we ourselves get our 3rd Base up and running. On maps with a protected 3rd Base we try to execute a 2 pronged attack a little later. Teching up behind the aggression is vital, we need a Ghost Academy and 2nd Starport in the later stages of the Game.

VOD

https://www.youtube.com/watch?v=YYGUn4T2oUw&feature=youtu.be

Build Order

Get SALT Encoding   

  14  0:17  Supply Depot  
  16  0:41  Barracks  
  16  0:43  Refinery  
  20  1:30  Reaper  
  20  1:31  Orbital Command  
  20  1:45  Command Center  
  20  1:52  Barracks  
  21  2:04  Barracks Reactor  
  21  2:06  Supply Depot  
  22  2:20  Barracks  
  26  2:40  Barracks Tech Lab  
  28  2:58  Orbital Command  
  30  3:00  Stimpack  
  31  3:09  Barracks Tech Lab  
  32  3:17  Engineering Bay  Get +1 Weapons @100 Gas (Maru gets around 4:20)
  36  3:31  Supply Depot  Supply Depots not in BO after this point
  41  3:43  Combat Shields  
  47  4:00  Marauder  Marauders @ Techlab Rax instead of Marines from now
  48  4:12  Refinery  @Natural (No need to rally back to Main for Saturation)
  58  4:49  Refinery  @Natural, Move out and Pressure Protoss 3rd
  65  5:02  Concussive Shells  
  67  5:11  Command Center  Expand behind Aggression
  67  5:19  Factory  
  64  6:02  Barracks x2  Supply dropped after Fight at Protoss 3rd
  67  6:10  Starport  
  67  6:11  Factory Reactor  
  68  6:15  Refinery  @Main
  71  6:30  Orbital Command  
  79  6:48  Factory Reactor  Starport switched onto previously built Reactor
  83  6:54  Barracks Tech Lab, Barracks Reactor  
  116  7:55  Ghost Academy  
  132  8:16  Engineering Bay, Armory  
  132  8:20  Refinery x2  
  149  9:01  Command Center  
  156  9:29  Starport  
Spawning Tool Build Advisor. Get it on Overwolf

Go to:

Details

  • Created by: Nidus
  • Published on: May 25, 2018
  • Modified on: May 26, 2018
  • Patch: 4.0.0
Show
View Real Time Build Order
Export as new Build Order

Comments (0)

There are no comments. Be the first!

Create an account to comment!